 Dungeon Crawl Stone Soup version 0.22.2-1-ge965b3a (webtiles) character file.

1223 nyanpiggle the Conjurer (level 8, 0/43 HPs)
             Began as a Tengu Air Elementalist on May 8, 2019.
             Was a Follower of Makhleb.
             Slain by an orc warrior
             ... wielding a +0 mace
              (14 damage)
             ... on level 6 of the Dungeon on May 9, 2019.
             The game lasted 02:17:32 (7815 turns).

nyanpiggle the Conjurer (Tengu Air Elementalist)    Turns: 7815, Time: 02:17:37

Health: 0/43       AC: 14    Str:  8    XL:     8   Next: 47%
Magic:  4/15       EV: 12    Int: 16    God:    Makhleb [*.....]
Gold:   261        SH:  9    Dex: 19    Spells: 14/15 levels left

rFire    . . .     SeeInvis .   w - +2 trident (protect)
rCold    + . .     Gourm    .   y - +1 shield
rNeg     + . .     Faith    .   j - +4 robe of the Volcano {rC+ Dex+2}
rPois    .         Spirit   .   (helmet restricted)
rElec    .         Reflect  .   B - +0 cloak
rCorr    .         Harm     .   (no gloves)
MR       +....                  (boots unavailable)
Stlth    +++.......             (no amulet)
HPRegen  0.14/turn              d - ring of protection from magic
MPRegen  0.14/turn              x - ring of positive energy

@: protection aura, very slightly contaminated
A: beak, talons 3, able to fly 1
a: Fly, Renounce Religion


You were on level 6 of the Dungeon.
You worshipped Makhleb.
Makhleb was aware of your devotion.
You were not hungry.

You visited 2 branches of the dungeon, and saw 7 of its levels.

You collected 261 gold pieces.

Inventory:

Hand Weapons
 b - a +1 short sword of protection
 r - a cursed -3 shortbow
 s - a +0 hunting sling
 w - a +2 trident of protection (weapon)
 D - a +0 war axe of electrocution
 F - a +1 dagger of electrocution
Missiles
 e - 31 poisoned needles
 g - 185 stones
 k - a tomahawk of returning
 o - 144 arrows
 p - 28 sling bullets (quivered)
 u - 16 bolts
 v - 3 tomahawks
Armour
 a - a +2 robe
 f - a +0 plate armour
 h - a +0 chain mail
 j - the +4 robe of the Volcano (worn) {rC+ Dex+2}
   (You found it on level 4 of the Dungeon)

   It affects your dexterity (+2).
   It protects you from cold.
 y - a +1 shield (worn)
 B - a +0 cloak (worn)
 C - a +3 leather armour of cold resistance
Jewellery
 d - a ring of protection from magic (left hand)
 x - a ring of positive energy (right hand)
Wands
 t - a wand of flame (30)
 A - a wand of digging (11)
Scrolls
 l - a scroll of fog
 G - a scroll of blinking
Potions
 i - a potion of magic
 m - a potion of ambrosia
 z - 2 potions of heal wounds
 E - a potion of lignification
Comestibles
 c - 7 rations


   Skills:
 + Level 1.3 Fighting
 - Level 1.9 Short Blades
 + Level 2.8 Polearms
 + Level 0.1 Slings
 + Level 4.1 Dodging
 + Level 3.4 Stealth
 + Level 2.3 Shields
 + Level 4.2 Spellcasting
 + Level 6.5 Conjurations
 + Level 6.4 Air Magic


You had 14 spell levels left.
You knew the following spells:

 Your Spells              Type           Power        Failure   Level  Hunger
a - Shock                 Conj/Air       ###.         6%          1    None

Your spell library contained the following spells:

 Spells                   Type           Power        Failure   Level  Hunger
 Static Discharge         Conj/Air       ###.....     19%         3    ###....
 Swiftness                Chrm/Air       ##......     34%         2    ##.....
 Airstrike                Air            ###.......   52%         4    ####...
 Lightning Bolt           Conj/Air       ###.......   86%         5    ######.


Dungeon Overview and Level Annotations

Branches:
Dungeon (6/15)             Temple (1/1) D:5

Altars:
Ashenzari
Cheibriados
Dithmenos
Fedhas
Gozag
Hepliaklqana
Kikubaaqudgha
Makhleb
Nemelex Xobeh
Okawaru
Qazlal
Ru
Uskayaw
Wu Jian
Xom
Yredelemnul
Zin

Shops:
D:5 (


Innate Abilities, Weirdness & Mutations

You have a beak for a mouth.
You have claws for feet.
You can fly.


Message History

The orc warrior is heavily wounded.
You block the orc warrior's attack.
Unknown command.
Casting: Shock (safe; 6% risk of failure)
Confirm with . or Enter, or press ? or * to list all spells.
Aiming: Shock (safe; 6% risk of failure)
Press: ? - help, Shift-Dir - straight line The zap misses the orc warrior.
Casting: Shock (safe; 6% risk of failure)
Confirm with . or Enter, or press ? or * to list all spells.
Aiming: Shock (safe; 6% risk of failure)
Press: ? - help, Shift-Dir - straight line The zap misses the orc warrior.
The orc warrior hits you with a mace!
You hit the orc warrior.
Your weapon exudes an aura of protection.
You claw the orc warrior, but do no damage.
Your peck misses the orc warrior.
The orc warrior is severely wounded.
The orc warrior hits you with a mace!
You die...

#.#.#######
#.#.##########
..#..........# ###
######.####..###.##
#......##..##...##
#..###.##..#.....##
#...##............#
...........(#.....##
###.........###.@)##
#.######### ##o## #
#.# o)# .## #. #. ..


You could see an orc warrior and an orc.

Vanquished Creatures
  Duvessa (D:5)
  An ogre (D:4)
  2 centaurs (D:5)
  Blork the orc (D:5)
  2 bullfrogs (D:6)
  Dowan (D:5)
  A water moccasin skeleton (D:4)
  A howler monkey (D:4)
  A bullfrog zombie (D:5)
  2 orc priests (D:4)
  A hound (D:5)
  A centaur skeleton (D:4)
  3 orc wizards
  A bullfrog skeleton (D:4)
  Ijyb (D:5)
  An iguana (D:4)
  2 worker ants
  7 adders
  A shadow imp (D:5)
  An ooze (D:3)
  5 worms
  3 leopard geckos
  16 orcs
  A ball python (D:2)
  9 bats
  A giant cockroach (D:2)
  4 hobgoblins
  9 jackals
  4 quokkas
  8 frilled lizards
  9 goblins
  10 kobolds
  7 rats
118 creatures vanquished.

Notes
Turn   | Place    | Note
-------+----------+-------------------------------------------
     0 | D:1      | nyanpiggle the Tengu Air Elementalist began the quest for
                  | the Orb.
     0 | D:1      | Reached XP level 1. HP: 10/10 MP: 4/4
    21 | D:1      | You fall through a shaft!
   352 | D:2      | Reached XP level 2. HP: 15/15 MP: 0/6
   848 | D:1      | Reached XP level 3. HP: 19/19 MP: 3/7
  2863 | D:3      | Reached XP level 4. HP: 24/24 MP: 5/9
  3483 | D:3      | Reached skill level 5 in Air Magic
  4313 | D:4      | Gained mutation: You can fly. [Tengu growth]
  4313 | D:4      | Reached XP level 5. HP: 27/28 MP: 7/10
  4862 | D:4      | Reached skill level 1 in Shields
  4870 | D:4      | Noticed an ogre
  4933 | D:4      | Killed an ogre
  4933 | D:4      | Reached skill level 1 in Short Blades
  4933 | D:4      | Reached XP level 6. HP: 32/32 MP: 3/11
  5125 | D:4      | Got an ancient robe
  5136 | D:4      | Identified the +4 robe of the Volcano {rC+ Dex+2} (You
                  | found it on level 4 of the Dungeon)
  5211 | D:4      | Reached skill level 5 in Conjurations
  5280 | D:4      | Reached XP level 7. HP: 27/36 MP: 10/12
  5629 | D:5      | Entered Level 5 of the Dungeon
  5629 | D:5      | Noticed Ijyb
  5680 | D:5      | Noticed Dowan
  5888 | D:5      | Found a staircase to the Ecumenical Temple.
  6060 | D:5      | Found Beyghi's Antique Weapon Shop.
  6174 | Temple   | Entered the Ecumenical Temple
  6328 | Temple   | Became a worshipper of Makhleb the Destroyer
  6387 | D:5      | Noticed Blork the orc
  6402 | D:5      | Killed Blork the orc
  6504 | D:5      | Found a blossoming altar of Fedhas.
  6552 | D:5      | Noticed Duvessa
  6558 | D:5      | Killed Ijyb
  6558 | D:5      | Reached skill level 1 in Polearms
  6573 | D:5      | Found a shimmering altar of Xom.
  6573 | D:5      | Found a hide-covered altar of Uskayaw.
  6573 | D:5      | Found a shimmering altar of Xom.
  6573 | D:5      | Found a shimmering altar of Xom.
  6573 | D:5      | Found a hazy altar of Hepliaklqana.
  6573 | D:5      | Found an iron altar of Okawaru.
  6793 | D:5      | Reached XP level 8. HP: 42/42 MP: 8/14
  6869 | D:5      | Killed Dowan
  6968 | D:5      | Killed Duvessa
  6968 | D:5      | Reached skill level 1 in Fighting
  7805 | D:6      | Reached * piety under Makhleb
  7815 | D:6      | Slain by an orc warrior

Skill      XL: |  1  2  3  4  5  6  7  8 |
---------------+-------------------------+-----
Conjurations   | 2 3 4 5 6 |  6.5
Air Magic      | 5 6 |  6.4
Shields        | 1 2 |  2.3
Short Blades   | 1 |  1.9
Spellcasting   | 3 4 |  4.2
Stealth        | 3 |  3.4
Dodging        | 3 4 |  4.1
Polearms       | 1 2 |  2.8
Fighting       | 1 |  1.3
Slings         | |  0.1

Action                   |  1- 3 |  4- 6 |  7- 9 || total
-------------------------+-------+-------+-------++-------
Melee: Dagger            |    17 |     9 |       ||    26
       Kick              |     3 |    13 |    31 ||    47
       Short sword       |       |    31 |    14 ||    45
       Hunting sling     |       |     4 |       ||     4
       Peck              |       |     8 |    13 ||    21
       Trident           |       |       |    74 ||    74
 Fire: Hunting sling     |       |     3 |       ||     3
Throw: Stone             |     2 |       |       ||     2
 Cast: Shock             |    97 |    74 |    94 ||   265
 Abil: Fly               |       |     3 |       ||     3
Evoke: Wand              |       |       |     1 ||     1
  Use: Scroll            |     7 |     7 |     5 ||    19
       Potion            |     2 |     3 |     1 ||     6
  Eat: Chunk             |     6 |     1 |       ||     7
       Ration            |     1 |     2 |     2 ||     5
Armor: Robe              |     9 |    19 |    42 ||    70
Dodge: Dodged            |    27 |    29 |    62 ||   118
Block: Shield            |       |    15 |    53 ||    68
